 Dungeon Crawl Stone Soup version 0.30.0-10-gfe55d96785 (webtiles) character file.

Game seed: 13245302013015285974

6253 shayaa the Cleaver (level 10, -2/80 HPs)
             Began as a Barachi Fighter on May 14, 2023.
             Was a Follower of the Shining One.
             Slain by a death yak (24 damage)
             ... on level 9 of the Dungeon on May 15, 2023.
             The game lasted 00:21:11 (10779 turns).

shayaa the Cleaver (Barachi Fighter)               Turns: 10779, Time: 00:21:11

Health: -2/80      AC:  9    Str: 27    XL:     10   Next: 93%
Magic:  10/10      EV: 12    Int: 12    God:    the Shining One [*.....]
Gold:   572        SH:  8    Dex: 16    Spells: 9/9 levels left

rFire   . . .        P - +3 morningstar of Woz Tiub {freeze, Int+4}
rCold   . . .        U - +2 buckler
rNeg    + + +        p - +0 ring mail of the Shining Light {+Inv rN+ Dex+3}
rPois   .            y - +0 helmet
rElec   .            s - +0 cloak
rCorr   .            (no gloves)
SInv    .            (no boots)
Will    +++..        T - amulet of the Four Winds {rN+ Will+++ Clar}
Stlth   +            g - +6 ring of strength
HPRegen 0.33/turn    m - ring of positive energy
MPRegen 0.12/turn

%: clarity
@: unable to hop, glowing, studying Stealth, slow
A: amphibious, slowness 1, strong legs 1, +LOS
a: Hop, Renounce Religion, Evoke Invisibility, Divine Shield


You were on level 9 of the Dungeon.
You worshipped the Shining One.
The Shining One was aware of your devotion.
You visited 2 branches of the dungeon, and saw 10 of its levels.

You collected 602 gold pieces.
You donated 30 gold pieces to Zin.

Inventory:

Hand Weapons
 a - a +0 war axe
 d - a +4 quarterstaff of chaos
 G - a +0 hammer
 J - a +0 battleaxe
 P - the +3 morningstar of Woz Tiub (weapon) {freeze, Int+4}
   (You found it on level 7 of the Dungeon)

   Int:       It affects your intelligence (+4).
Missiles
 v - a throwing net
 z - 26 poisoned darts
Armour
 b - a +0 scale mail
 p - the +0 ring mail of the Shining Light (worn) {+Inv rN+ Dex+3}
   (You found it on level 3 of the Dungeon)

   Dex:       It affects your dexterity (+3).
   rN:        It protects you from negative energy.
   +Inv:      It lets you turn invisible.
 s - a +0 cloak (worn)
 u - a +0 troll leather armour
 y - a +0 helmet (worn)
 O - +0 steam dragon scales
 U - a +2 buckler (worn)
Jewellery
 f - a +6 ring of dexterity
 g - a +6 ring of strength (left hand)
 m - a ring of positive energy (right hand)
 B - a ring of wizardry
 I - an amulet of faith
 M - a ring of ice
 Q - a ring of see invisible
 T - the amulet of the Four Winds (around neck) {rN+ Will+++ Clar}
   (You found it on level 9 of the Dungeon)

   [amulet of nothing]

   rN:        It protects you from negative energy.
   Clar:      It protects you from confusion, rage, mesmerisation and fear.
   Will:      It greatly increases your willpower.
Wands
 l - a wand of flame (18)
Scrolls
 e - 3 scrolls of teleportation
 h - 2 scrolls of enchant armour
 i - a scroll of vulnerability
 r - 2 scrolls of poison {unknown}
 t - 3 scrolls of brand weapon {unknown}
 x - a scroll of enchant weapon
 C - 2 scrolls of fog {unknown}
 D - 3 scrolls of noise
 F - 2 scrolls of immolation {unknown}
 H - a scroll of silence {unknown}
 L - a scroll of blinking {unknown}
 N - a scroll of amnesia {unknown}
Potions
 j - 7 potions of curing {unknown}
 k - 2 potions of flight {unknown}
 n - 2 potions of invisibility {unknown}
 o - 2 potions of berserk rage {unknown}
 q - 2 potions of brilliance {unknown}
 w - a potion of mutation {unknown}
 A - 2 potions of ambrosia {unknown}
 E - a potion of haste {unknown}
 K - 2 potions of degeneration {unknown}
 R - a potion of attraction {unknown}
 S - a potion of magic {unknown}


   Skills:
 + Level 8.1 Fighting
 + Level 9.8(11.2) Axes
 + Level 8.4(10.6) Maces & Flails
 + Level 2.4(5.8) Staves
 + Level 0.1 Throwing
 + Level 8.3 Armour
 + Level 3.6 Dodging
 + Level 3.7 Stealth
 + Level 6.0 Shields
 + Level 0.3 Evocations


You had 9 spell levels left.
You didn't know any spells.
Your spell library contained the following spells:

 Spells                   Type           Power      Damage    Failure   Level
 Freeze                   Ice            0%         1d3       47%         1
 Magic Dart               Conj           0%         1d3       47%         1
 Sting                    Tmut/Pois      0%         1d3       47%         1
 Call Imp                 Summ           0%         N/A       63%         2
 Cigotuvi's Dreadful Rot  Necr/Pois/Air  0%         N/A       63%         2
 Poisonous Vapours        Pois/Air       0%         N/A       63%         2
 Static Discharge         Conj/Air       0%         2-2/arc   63%         2
 Frozen Ramparts          Ice            0%         1d1       85%         3
 Hailstorm                Conj/Ice       0%         3d3       85%         3
 Ignite Poison            Fire/Tmut/Pois 0%         N/A       85%         3
 Mephitic Cloud           Conj/Pois/Air  0%         N/A       85%         3
 Airstrike                Air            0%         2d(0-16)  99%         4
 Olgreb's Toxic Radiance  Pois           0%         N/A       99%         4
 Summon Lightning Spire   Summ/Air       0%         N/A       99%         4
 Freezing Cloud           Conj/Ice/Air   0%         6-21      100%        5


Dungeon Overview and Level Annotations

Branches:
Dungeon (9/15)             Temple (1/1) D:5
   Lair: D:8-11         Orc: D:9-12

Altars:
Ashenzari
Cheibriados
Dithmenos
Elyvilon
Fedhas
Gozag
Hepliaklqana
Kikubaaqudgha
Makhleb
Nemelex Xobeh
Qazlal
Ru
Sif Muna
Trog
Uskayaw
Vehumet
Wu Jian
Xom
Yredelemnul
Zin
The Shining One

Shops:
D:2 [


Innate Abilities, Weirdness & Mutations

You are amphibious.
You cover ground slowly.
You can hop short distances.
You have an extended range of vision and can be seen from far away.


Message History

You kill the rat!
You block the quokka's attack. The death yak gores you!
You puncture the quokka! You freeze the quokka.
You kill the quokka!
The death yak gores you but does no damage.
You hit the quokka but do no damage. The quokka misses you.
The death yak barely misses you. You block the river rat's attack.
You puncture the river rat! You freeze the river rat.
The river rat is almost dead.
The quokka bites you. The death yak gores you!!
The river rat bites you but does no damage.
You hit the river rat. You freeze the river rat.
You kill the river rat!
The quokka bites you but does no damage.
The death yak gores you.
You puncture the death yak! You freeze the death yak.
The death yak is moderately wounded.
The quokka bites you but does no damage. x2
The death yak gores you!
You puncture the death yak! You freeze the death yak.
The death yak is heavily wounded.
The quokka barely misses you. The death yak gores you!
* * * LOW HITPOINT WARNING * * *
A death yak comes into view.
Read: scroll of fear
Press: ? - help, Q - select action, (/) - cycle Dir - look around, f - activate Look: a death yak (heavily wounded, haloed, chance to affect: 47%)
As you read the scroll of fear, it crumbles to dust.
You assume a fearsome visage.
The death yak looks frightened!
The death yak resists with almost no effort.
The quokka looks frightened!
A kobold comes into view. It is wielding a +0 dagger.
The death yak misses you.
A kobold brigand comes into view.
It is wielding a +0 club and quivering curare-tipped darts.
The kobold brigand shouts!
The kobold shouts!
You hit the death yak. You freeze the death yak.
The death yak is heavily wounded.
The death yak gores you!!
You die...

...###........[..... ...
....#.............K ...K
................... ......# ..
..................#....##... .
......##..........#.....#.... r
.......###.. !...#r...........#
............ ....<..# ...... .#
)...##..... #......##......##.
........###.####@.....#..........
.........#...#..†Y.....Y...##....
...............#...##...... #...
..............##....#.....# ##..
#.....##..................## #..(
....................#.##...###...
........#....##.....#............
........#........#........)......
...............###...............


You could see 2 death yaks, a kobold brigand, a quokka (fleeing) and a kobold.

Vanquished Creatures
  A deep elf pyromancer (D:9)
  A troll (D:8)
  14 yaks
  Menkaure (D:7)
  2 steam dragons
  An orc warrior (D:9)
  5 sky beasts
  3 ice beasts
  An ogre (D:6)
  A black bear (D:6)
  3 centaurs
  3 phantoms
  3 bullfrogs
  4 scorpions
  3 howler monkeys
  4 hounds
  4 jellies
  8 orc priests
  Crazy Yiuf (D:5)
  2 sleepcaps
  5 iguanas
  10 orc wizards
  Robin (D:4)
  9 adders
  7 gnolls
  A river rat (D:9)
  A white imp (D:5)
  2 ufetubi
  4 worms
  A dart slug (D:1)
  22 orcs
  6 endoplasms
  6 giant cockroaches
  15 goblins
  11 hobgoblins
  10 jackals
  4 quokkas
  5 ball pythons
  6 bats
  4 frilled lizards
  9 kobolds
  5 rats
209 creatures vanquished.

Notes
Turn   | Place    | Note
-------+----------+-------------------------------------------
     0 | D:1      | shayaa the Barachi Fighter began the quest for the Orb.
     0 | D:1      | Reached XP level 1. HP: 18/18 MP: 1/1
   187 | D:1      | Reached XP level 2. HP: 25/25 MP: 2/2
   766 | D:1      | Reached XP level 3. HP: 29/30 MP: 3/3
   904 | D:2      | Reached skill level 3 in Axes
   990 | D:2      | Found Nulebbo's Armour Emporium.
  1033 | D:2      | Reached XP level 4. HP: 33/37 MP: 4/4
  1171 | D:2      | Reached skill level 1 in Dodging
  1472 | D:3      | Identified the +0 ring mail of the Shining Light {+Inv rN+
                  | Dex+3}
  1735 | D:3      | Reached skill level 4 in Axes
  1735 | D:3      | Reached XP level 5. HP: 39/43 MP: 5/5
  1891 | D:3      | Reached skill level 5 in Axes
  1939 | D:3      | Reached XP level 6. HP: 13/49 MP: 6/6
  2160 | D:3      | Found an ornate altar of the Wu Jian Council.
  2849 | D:4      | Noticed Robin
  2860 | D:4      | Killed Robin
  2864 | D:4      | Reached skill level 6 in Axes
  3452 | D:4      | Reached XP level 7. HP: 55/55 MP: 7/7
  3543 | D:5      | Entered Level 5 of the Dungeon
  3593 | D:5      | Reached skill level 7 in Axes
  3593 | D:5      | Reached skill level 5 in Armour
  3630 | D:5      | Found a staircase to the Ecumenical Temple.
  3636 | Temple   | Entered the Ecumenical Temple
  3636 | Temple   | Found a transporter.
  3636 | Temple   | Found a transporter.
  3637 | Temple   | Found a transporter.
  3637 | Temple   | Found a transporter.
  4045 | D:5      | Found a runed translucent door.
  4046 | D:5      | Noticed Crazy Yiuf
  4054 | D:5      | Killed Crazy Yiuf
  4159 | D:5      | Reached skill level 5 in Fighting
  4159 | D:5      | Reached XP level 8. HP: 22/62 MP: 8/8
  4160 | D:5      | Reached skill level 8 in Axes
  4596 | D:6      | Found a white marble altar of Elyvilon.
  4794 | D:6      | Reached skill level 1 in Stealth
  4846 | D:6      | Reached skill level 1 in Staves
  4994 | Temple   | Became a worshipper of Zin the Law-Giver
  4994 | Temple   | Reached * piety under Zin
  4994 | Temple   | Reached ** piety under Zin
  5151 | Temple   | Fell from the grace of Zin
  5151 | Temple   | Became a worshipper of the Shining One
  6175 | D:6      | Reached XP level 9. HP: 69/69 MP: 9/9
  6658 | D:7      | Reached skill level 9 in Axes
  6738 | D:7      | Identified the +3 morningstar of Woz Tiub {freeze, Int+4}
  6923 | D:7      | Reached * piety under the Shining One
  7000 | D:7      | Reached skill level 1 in Maces & Flails
  7042 | D:7      | Noticed Menkaure
  7049 | D:7      | Killed Menkaure
  7437 | D:7      | Found an opulent altar of Gozag.
  7437 | D:7      | Found a shimmering altar of Xom.
  8002 | D:8      | Reached skill level 5 in Maces & Flails
  8005 | D:8      | Reached XP level 10. HP: 71/79 MP: 10/10
  9422 | D:9      | Reached ** piety under the Shining One
  9425 | D:9      | Noticed a deep elf pyromancer
  9687 | D:8      | The Shining One protects you from harm!
 10047 | D:8      | Reached skill level 5 in Shields
 10315 | D:9      | Found the amulet of the Four Winds {rN+ Will+++ Clar}
 10516 | D:9      | Killed a deep elf pyromancer
 10742 | D:9      | Noticed a death yak
 10777 | D:9      | Noticed a death yak
 10779 | D:9      | Slain by a death yak

Illustrated notes

Levels and vault maps discovered:
D:1:      lightli_arrival_lavapool, layout_loops_corners
D:2:      layout_rooms, serial_shops, nicolae_shop_statue_plus
D:3:      layout_loops_ring, nzn_wu_jian_council_hall
D:4:      layout_layer_cave, minmay_pentomino_pile, uniq_robin
D:5:      layout_cave_pools, minmay_temple_entry_nine_rooms,
          nicolae_ossuary_entry_plus, minmay_manual_mares,
          uniq_crazy_yiuf_cottage
D:6:      layout_basic, mainiacjoe_overflow_alcove_4, grunt_ministairs_8
D:7:      minmay_general_purpose_star, layout_rooms,
          gammafunk_temple_overflow_elements, uniq_menkaure
D:8:      layout_basic, kennysheep_generic_room_11
D:9:      layout_cave_pools, lemuel_doored_altar, dpeg_lair_monsters
Temple:   hellmonk_temple_divided_pantheon

Skill      XL: |  1  2  3  4  5  6  7  8  9 10 |
---------------+-------------------------------+-----
Fighting       | 4 5 6 7 8 |  8.1
Axes           | 3 4 5 6 7 8 9 |  9.8
Armour         | 4 5 6 7 8 |  8.3
Dodging        | 1 2 3 |  3.6
Shields        | 4 6 |  6.0
Stealth        | 1 3 |  3.7
Staves         | 2 |  2.4
Maces & Flails | 5 8 |  8.4
Throwing       | |  0.1
Evocations     | |  0.3

Action                     |  1- 3 |  4- 6 |  7- 9 | 10-12 || total
---------------------------+-------+-------+-------+-------++-------
  Melee: War axe           |    91 |   169 |    57 |       ||   317
         Battleaxe         |       |       |    60 |       ||    60
         Quarterstaff      |       |       |    21 |       ||    21
         Morningstar       |       |       |    62 |   104 ||   166
  Throw: Dart              |       |       |       |     4 ||     4
Ability: Hop               |       |       |     1 |     1 ||     2
  Evoke: Wand              |       |       |       |     6 ||     6
    Use: Potion            |       |       |     1 |       ||     1
         Scroll            |       |       |     5 |     6 ||    11
 Armour: Scale mail        |    74 |   120 |    26 |       ||   220
         Ring mail         |       |       |    66 |    45 ||   111
  Dodge: Dodged            |    73 |    94 |   113 |    62 ||   342
  Block: Buckler           |    28 |    36 |    29 |    36 ||   129
